Map: Cryptic Fortress

Players

juhyg

  • Race: Zerg Zerg
  • League: Bronze
  • Spawn Location: 12:00

Foxtrot

  • Race: Terran Terran
  • Spawn Location: 3:00

Taxman

  • Race: Protoss Protoss
  • Spawn Location: 9:00

ShadowLing

  • Race: Zerg Zerg
  • Spawn Location: 12:00

Zardalak

  • Race: Protoss Protoss
  • League: Gold
  • Spawn Location: 5:00

Towel

  • Race: Protoss Protoss
  • League: Platinum
  • Spawn Location: 6:00

Arthan

  • Race: Protoss Protoss
  • Spawn Location: 6:00

SecureCTRL

  • Race: Zerg Zerg
  • Spawn Location: 7:00

VOD

Have the link to the VOD?

Description

Time

  • Played on: Nov. 17, 2015, 9:10 p.m.
  • Length: 5:34
Show
View Real Time Build Order
Export as new Build Order

juhyg Zerg 

Build Orders: 3 Hatch before Pool 

Get SALT Encoding   

  12  0:08  Overlord  
  12  0:14  Drone  
  13  0:24  Drone  
  13  0:27  Drone  
  15  0:35  Drone  
  15  0:42  Drone  
  17  0:53  Drone  
  18  1:11  Hatchery  
  17  1:33  Hatchery  
  16  1:47  Spawning Pool  
  16  1:49  Drone x3  
  19  2:01  Drone  
  19  2:14  Drone  
  20  2:25  Overlord x2  
  20  2:39  Drone x2  
  20  2:41  Queen  
  20  2:43  Queen  
  26  2:46  Queen  
  26  2:50  Drone  
  29  2:52  Drone x2  
  31  3:01  Drone  
  31  3:02  Drone x2  
  31  3:05  Drone  
  35  3:15  Drone x2  
  35  3:16  Drone  
  35  3:18  Drone x2  
  40  3:39  Drone  
  41  3:44  Drone x5  
  46  3:51  Extractor  
  45  3:58  Drone x5  
  45  4:01  Extractor  
  49  4:06  Extractor  
  48  4:19  Zergling x4  
  48  4:20  Overlord x4  
  48  4:21  Overlord x3  
  44  4:52  Zergling x10  
  44  4:53  Zergling x12  
  44  4:54  Zergling x4  
Show
View Real Time Build Order
Export as new Build Order

Foxtrot Terran 

Build Orders:  

Get SALT Encoding   

  12  0:01  SCV  
  13  0:13  SCV  
  14  0:22  Supply Depot  
  14  0:25  SCV  
  15  0:43  SCV  
  15  0:44  Barracks  
  16  0:50  Refinery  
  16  0:55  SCV  
  16  0:56  Refinery  
  17  1:07  SCV  
  18  1:16  Supply Depot  
  18  1:19  SCV  
  19  1:32  Orbital Command  
  19  1:45  Factory  
  18  2:00  Factory  
  18  2:04  SCV  
  19  2:14  Marine  
  20  2:16  SCV  
  21  2:28  SCV  
  22  2:32  Marine  
  23  2:40  SCV  
  23  2:42  Factory Tech Lab  
  24  2:45  Factory Tech Lab  
  24  2:49  Marine  
  25  2:53  SCV  
  26  3:03  Siege Tank  
  26  3:05  SCV  
  30  3:07  Marine  
  30  3:11  Supply Depot  
  31  3:32  Marine, SCV, Siege Tank  
  36  3:34  Engineering Bay  
  36  3:36  Supply Depot  
  36  3:42  Siege Tank  
  39  3:57  Marine, SCV  
  39  3:59  Supply Depot  
  41  4:05  Missile Turret  
  41  4:06  Missile Turret  
  41  4:09  SCV  
  37  4:17  Cyclone  
  28  4:35  SCV  
  29  4:47  SCV  
  30  4:59  SCV  
  31  5:11  SCV  
Show
View Real Time Build Order
Export as new Build Order

Taxman Protoss 

Build Orders: Cannon Rush 

Get SALT Encoding   

  12  0:18  Pylon  
  12  0:22  Pylon  
  12  0:31  Probe (Chrono Boost)  
  13  0:38  Forge  
  13  0:42  Probe (Chrono Boost)  
  14  0:52  Probe (Chrono Boost)  
  15  1:03  Probe (Chrono Boost)  
  16  1:14  Photon Cannon  
  16  1:17  Photon Cannon  
  16  1:27  Gateway  
  16  1:37  Photon Cannon  
  16  1:50  Photon Cannon  
  16  1:55  Probe (Chrono Boost)  
  17  2:01  Assimilator  
  17  2:05  Assimilator  
  17  2:06  Probe (Chrono Boost)  
  18  2:16  Probe (Chrono Boost)  
  19  2:27  Probe (Chrono Boost)  
  20  2:37  Probe (Chrono Boost)  
  20  2:39  Cybernetics Core  
  21  2:48  Probe (Chrono Boost)  
  21  2:50  Photon Cannon  
  22  2:53  Photon Cannon  
  22  3:05  Photon Cannon  
  22  3:16  Pylon  
  22  3:20  Pylon  
  22  3:35  Photon Cannon  
  22  3:38  Photon Cannon  
  22  3:44  Probe (Chrono Boost)  
  23  3:54  Probe (Chrono Boost)  
  24  4:15  Nexus  
  24  4:20  Probe (Chrono Boost)  
  25  4:30  Probe (Chrono Boost)  
  26  4:43  Probe (Chrono Boost)  
  27  4:49  Photon Cannon  
  27  4:54  Photon Cannon  
  27  4:59  Photon Cannon  
Show
View Real Time Build Order
Export as new Build Order

ShadowLing Zerg 

Build Orders: 3 Hatch before Pool 

Get SALT Encoding   

  12  0:01  Drone  
  13  0:08  Drone  
  14  0:17  Overlord  
  14  0:46  Drone, Hatchery  
  14  0:53  Drone x2  
  16  1:00  Drone  
  17  1:04  Extractor  
  17  1:08  Drone  
  17  1:18  Drone  
  18  1:36  Drone  
  19  1:40  Drone  
  19  1:45  Hatchery  
  19  1:47  Extractor  
  18  2:00  Drone  
  19  2:02  Drone  
  14  2:36  Drone x3  
  16  2:38  Drone x3  
  19  2:52  Spawning Pool  
  19  2:53  Drone  
  19  2:57  Drone  
  20  3:00  Drone  
  21  3:07  Drone  
  21  3:12  Drone x2  
  24  3:13  Drone  
  24  3:14  Drone  
  26  3:21  Drone  
  26  3:22  Drone x2  
  29  3:32  Drone  
  29  3:33  Drone  
  31  3:34  Drone  
  32  3:44  Spine Crawler  
  32  3:45  Drone, Spine Crawler  
  31  3:53  Drone, Extractor  
  31  3:58  Lair  
  31  3:59  Drone x2  
  31  4:00  Spine Crawler  
  34  4:04  Overlord x2  
  34  4:07  Drone  
  33  4:12  Evolution Chamber  
  33  4:13  Drone  
  33  4:23  Drone x2, Extractor  
  34  4:27  Extractor  
  34  4:28  Drone  
  34  4:30  Drone x4, Extractor  
  37  4:43  Drone, Spore Crawler  
  37  4:47  Spore Crawler  
  37  4:48  Drone x2, Spore Crawler  
  37  4:50  Spore Crawler  
  37  4:52  Spore Crawler  
  35  4:54  Drone x2  
  35  4:59  Spore Crawler  
  36  5:00  Spine Crawler  
  35  5:10  Drone x3  
  38  5:14  Spore Crawler  
  38  5:16  Drone  
  38  5:17  Spine Crawler  
  38  5:18  Drone  
  38  5:19  Drone  
  39  5:22  Drone  
  39  5:28  Infestation Pit  
Show
View Real Time Build Order
Export as new Build Order

Zardalak Protoss 

Build Orders: Oracle Opening 

Get SALT Encoding   

  12  0:01  Probe (Chrono Boost)  
  13  0:12  Probe (Chrono Boost)  
  14  0:18  Pylon  
  14  0:22  Probe (Chrono Boost)  
  15  0:39  Probe (Chrono Boost)  
  15  0:41  Gateway  
  16  0:46  Assimilator  
  17  0:50  Probe (Chrono Boost)  
  17  1:00  Pylon, Probe (Chrono Boost)  
  18  1:11  Probe (Chrono Boost)  
  19  1:21  Probe (Chrono Boost)  
  20  1:28  Cybernetics Core  
  20  1:31  Assimilator  
  20  1:32  Probe (Chrono Boost)  
  21  1:42  Probe (Chrono Boost)  
  22  1:53  Probe (Chrono Boost)  
  23  2:03  Probe (Chrono Boost)  
  23  2:05  Stargate  
  24  2:14  Probe (Chrono Boost)  
  25  2:21  Nexus  
  25  2:24  Probe (Chrono Boost)  
  26  2:30  Pylon  
  26  2:35  Probe (Chrono Boost)  
  27  2:46  Mothership Core (Chrono Boost)  
  27  2:48  Oracle (Chrono Boost)  
  32  2:54  Pylon  
  32  2:55  Warp Gate  
  32  3:06  Probe  
  33  3:18  Probe  
  34  3:23  Oracle (Chrono Boost)  
  37  3:30  Probe  
  38  3:34  Probe  
  39  3:42  Probe  
  39  3:44  Probe  
  41  3:54  Probe  
  41  3:55  Assimilator, Probe  
  42  3:59  Void Ray (Chrono Boost)  
  47  4:06  Gateway, Probe x2  
  47  4:07  Gateway  
  49  4:19  Probe  
  50  4:36  Probe  
  50  4:37  Probe  
  49  4:42  Pylon  
  49  4:44  Void Ray (Chrono Boost), Pylon  
  53  4:46  Probe  
  53  4:48  Assimilator  
  53  4:49  Probe  
  53  4:51  Pylon  
  55  5:00  Robotics Facility  
  55  5:18  Zealot  
  55  5:19  Zealot x2  
Show
View Real Time Build Order
Export as new Build Order

Towel Protoss 

Build Orders: Mass Adepts 

Get SALT Encoding   

  12  0:03  Probe (Chrono Boost)  
  14  0:14  Probe (Chrono Boost)  
  14  0:24  Probe (Chrono Boost)  
  15  0:29  Pylon  
  15  0:47  Probe (Chrono Boost)  
  15  0:49  Gateway  
  16  0:53  Assimilator  
  16  0:58  Probe (Chrono Boost)  
  16  1:03  Assimilator  
  17  1:08  Probe (Chrono Boost)  
  18  1:19  Probe (Chrono Boost)  
  18  1:22  Gateway  
  19  1:27  Pylon  
  19  1:33  Probe (Chrono Boost)  
  20  1:46  Cybernetics Core  
  20  1:56  Probe (Chrono Boost)  
  21  2:03  Gateway  
  21  2:10  Pylon  
  21  2:24  Gateway  
  21  2:25  Warp Gate (Chrono Boost)  
  21  2:42  Pylon  
  21  2:43  Adept (Chrono Boost)  
  23  2:45  Adept (Chrono Boost)  
  23  2:49  Probe  
  26  3:02  Adept (Chrono Boost)  
  28  3:19  Adept  
  30  3:20  Adept  
  30  3:25  Pylon  
  32  3:34  Adept  
  32  3:35  Adept  
  36  3:46  Adept  
  36  3:47  Adept  
  40  4:18  Nexus  
  40  4:28  Adept x2  
  40  4:29  Adept  
Show
View Real Time Build Order
Export as new Build Order

Arthan Protoss 

Build Orders:  

Get SALT Encoding   

  12  0:02  Probe (Chrono Boost)  
  13  0:12  Probe (Chrono Boost)  
  14  0:21  Pylon  
  14  0:23  Probe (Chrono Boost)  
  15  0:42  Gateway  
  15  0:46  Assimilator  
  15  0:53  Pylon, Probe (Chrono Boost)  
  17  1:04  Probe (Chrono Boost)  
  17  1:15  Probe (Chrono Boost)  
  18  1:20  Gateway  
  18  1:25  Probe (Chrono Boost)  
  19  1:26  Assimilator  
  19  1:36  Probe (Chrono Boost)  
  20  1:41  Cybernetics Core  
  20  1:46  Probe (Chrono Boost)  
  21  1:57  Probe (Chrono Boost)  
  22  2:06  Gateway  
  22  2:07  Probe (Chrono Boost)  
  23  2:11  Pylon  
  23  2:18  Adept  
  23  2:22  Adept  
  27  2:25  Warp Gate (Chrono Boost)  
  27  2:32  Mothership Core  
  29  2:45  Adept  
  29  2:49  Adept  
  33  2:55  Adept (Chrono Boost)  
  35  3:01  Pylon  
  35  3:11  Twilight Council  
  35  3:16  Adept (Chrono Boost)  
  37  3:26  Adept (Chrono Boost)  
  39  3:42  Adept (Chrono Boost)  
  39  3:43  Adept (Chrono Boost)  
  39  3:48  Pylon  
  43  3:49  Resonating Glaives (Chrono Boost)  
  43  4:16  Forge  
Show
View Real Time Build Order
Export as new Build Order

SecureCTRL Zerg 

Build Orders: Pool First 

Get SALT Encoding   

  12  0:01  Drone  
  13  0:08  Drone  
  14  0:26  Spawning Pool  
  13  0:29  Drone  
  13  0:33  Extractor  
  13  0:35  Drone  
  14  0:43  Overlord  
  14  0:51  Overlord  
  14  1:13  Zergling x2  
  14  1:14  Zergling x4  
  17  1:27  Queen  
  17  1:29  Drone  
  20  1:46  Metabolic Boost  
  20  1:49  Drone x2  
  22  1:59  Drone  
  20  2:37  Drone x2  
  20  2:38  Drone  
  23  2:46  Extractor  
  23  2:48  Lair  
  23  2:49  Hatchery  
  21  3:02  Drone  
  22  3:06  Drone, Hatchery  
  22  3:17  Drone  
  22  3:18  Drone x2  
  25  3:20  Drone  
  26  3:27  Drone  
  27  3:35  Drone  
  28  3:46  Overlord  
  28  3:52  Spire  
  27  4:07  Queen, Extractor x2  
  27  4:21  Drone x2  
  27  4:22  Drone x3  
  32  4:32  Drone  
  33  4:41  Drone x6  
  39  4:59  Drone x2  
  42  5:00  Drone x5  
  46  5:19  Drone x4  
Tags
 
Add a new tag
Caveats
  • Supply blocks, unpowered buildings, or Contaminate may cause inaccurate times.
  • Supply counts are checked every 10 seconds.